 Dungeon Crawl Stone Soup version 0.27.1-34-g3ba077fa99 (webtiles) character file.

Game seed: 4202460788198753186

6573 ticklebelly the Cleaver (level 10, -10/95 (97) HPs)
             Began as a Minotaur Berserker on Jan 7, 2022.
             Was an Elder of Trog.
             Mangled by a death yak (11 damage)
             ... on level 9 of the Dungeon.
             The game lasted 00:19:42 (10810 turns).

ticklebelly the Cleaver (Minotaur Berserker)       Turns: 10810, Time: 00:19:43

HP:   -10/95 (97)   AC: 18    Str: 24    XL:     10   Next: 70%
MP:   9/9           EV:  8    Int:  4    God:    Trog [****..]
Gold: 525           SH:  0    Dex: 11    Spells: 9/9 levels left

rFire    . . .     SeeInvis .   G - +4 flail (vorpal)
rCold    . . .     Faith    .   (no shield)
rNeg     . . .     Spirit   .   F - +0 plate armour
rPois    +         Reflect  .   A - +2 hat
rElec    .         Harm     .   (no cloak)
rCorr    .         Rampage  .   (no gloves)
Will     +....                  D - +0 pair of boots
Stlth    ..........             (no amulet)
HPRegen  0.25/turn              s - ring of willpower
MPRegen  0.11/turn              H - ring of poison resistance

@: on berserk cooldown, slowed, lightly drained, very slow
A: horns 2, retaliatory headbutt
a: Renounce Religion, Berserk, Trog's Hand, Brothers in Arms


You were on level 9 of the Dungeon.
You worshipped Trog.
Trog was greatly pleased with you.
You visited 1 branch of the dungeon, and saw 9 of its levels.
You also visited: Sewer.

You collected 525 gold pieces.

Inventory:

Hand Weapons
 h - a +0 war axe
 y - a +3 dire flail
 G - a +4 vorpal flail (weapon)
Missiles
 x - a throwing net (quivered)
 E - 7 boomerangs
Armour
 A - a +2 hat (worn)
 D - a +0 pair of boots (worn)
 F - a +0 plate armour (worn)
Jewellery
 s - a ring of willpower (left hand)
 H - a ring of poison resistance (right hand)
Wands
 a - a wand of mindburst (24)
 t - a wand of iceblast (8)
 u - a wand of paralysis (9)
 B - a wand of flame (11)
Scrolls
 b - 3 scrolls of enchant armour {unknown}
 d - a scroll of enchant weapon {unknown}
 e - a scroll of immolation {unknown}
 g - 4 scrolls of vulnerability {unknown}
 l - a scroll of noise {unknown}
 n - 2 scrolls of blinking {unknown}
 o - 2 scrolls of teleportation {unknown}
 p - a scroll of fear {unknown}
 w - 3 scrolls of identify {unknown}
Potions
 c - a potion of cancellation {unknown}
 f - a potion of lignification {unknown}
 i - 2 potions of mutation {unknown}
 j - 2 potions of curing {unknown}
 k - 2 potions of haste {unknown}
 m - a potion of ambrosia {unknown}
 q - 4 potions of flight
 r - 2 potions of invisibility {unknown}
 v - a potion of heal wounds {unknown}
 z - a potion of resistance {unknown}
 C - a potion of attraction {unknown}


   Skills:
 + Level 12.0 Fighting
 + Level 12.0 Axes
 + Level 10.2 Armour
 - Level 3.2 Dodging


You had 9 spell levels left.
You didn't know any spells.
Your spell library was empty.

Dungeon Overview and Level Annotations

Branches:
Dungeon (9/15)             Temple (0/1) D:4            Lair (0/6) D:9
  Sewer (visited)
    Orc: D:9-12

Altars:
Dithmenos
Gozag
Nemelex Xobeh
Uskayaw
Vehumet
Xom
Zin

Shops:
D:8 =


Innate Abilities, Weirdness & Mutations

You have a pair of horns on your head.
You reflexively headbutt those who attack you in melee.


Message History

Trog accepts your kill.
The river rat bites you but does no damage.
The death yak barely misses you.
The river rat bites you but does no damage.
You see here a hell rat corpse.
You barely miss the river rat. The death yak gores you!
The river rat barely misses you.
You barely miss the river rat. Your headbutt misses the river rat.
The death yak gores you. The river rat closely misses you.
You furiously retaliate!
You headbutt the river rat!
The river rat bites you but does no damage.
The death yak closely misses you. You furiously retaliate!
You headbutt the death yak, but do no damage.
You sock the river rat!
You kill the river rat!
Trog accepts your kill.
The river rat twitches its whiskers.
The death yak gores you but does no damage.
You thump the river rat!
The river rat is almost dead.
The river rat bites you but does no damage.
The death yak gores you!
* * * LOW HITPOINT WARNING * * *
The river rat misses you. The death yak gores you!
* * * LOW HITPOINT WARNING * * *
You barely miss the river rat.
The river rat is almost dead.
The river rat bites you but does no damage.
The death yak gores you but does no damage.
You closely miss the river rat.
The river rat is almost dead.
The river rat completely misses you. You furiously retaliate!
You headbutt the river rat!
You kill the river rat!
Trog accepts your kill.
The death yak gores you but does no damage.
The death yak gores you.
* * * LOW HITPOINT WARNING * * *
The death yak gores you!
You die...

#..... ..... (... ... #.#
#.######### #.
####......††.# #.
#......##@Y#......
#.####.####.#..#†......
#.#>..........##.......
#.#.....#.#.#.........)
###.>.....#.#(....#...#.>
..............#####......
..........#.### ......
.....######.# ......
.....# .#


You could see a death yak.

Vanquished Creatures
  2 death yaks (D:9)
  A cyclops (D:6)
  The ghost of Teslajakalope the Chopper, a novice MiFi of Makhleb (D:5)
  Maggie (D:7)
  A komodo dragon (D:8)
  The ghost of boopmooplesden the Cudgeller, an amateur MiFi (D:4)
  Grinder (D:3)
  A spriggan (D:7)
  A water moccasin (D:8)
  A hornet zombie (D:6)
  2 orc warriors (D:8)
  An ice beast (D:5)
  A sky beast (D:7)
  2 black bears (D:7)
  2 necrophages
  An ogre (D:4)
  2 centaurs
  3 phantoms (D:5)
  A bullfrog (D:7)
  A gnoll sergeant (D:6)
  A water moccasin zombie (D:4)
  4 scorpions
  2 water moccasin skeletons (D:4)
  7 wights
  7 killer bees
  4 crimson imps (D:6)
  A centaur zombie (D:6)
  3 hounds
  A jelly (D:5)
  An orc priest (D:8)
  A bullfrog skeleton (D:4)
  4 gnoll shamans
  Ijyb (D:3)
  4 iguanas
  2 orc wizards
  2 hell rats (D:9)
  A scorpion zombie (D:5)
  A killer bee zombie (D:7)
  8 adders
  16 gnolls
  6 river rats (D:9)
  A shadow imp (D:6)
  2 adder skeletons
  5 worms
  3 dart slugs
  8 orcs
  7 ball pythons
  9 endoplasms
  4 giant cockroaches
  6 goblins
  14 hobgoblins
  9 jackals
  3 quokkas
  12 bats
  9 frilled lizards
  8 kobolds
  5 rats
209 creatures vanquished.

Vanquished Creatures (others)
  3 fungi (D:8)
  3 plants (D:1)
6 creatures vanquished.

Grand Total: 215 creatures vanquished

Notes
Turn   | Place    | Note
-------+----------+-------------------------------------------
     0 | D:1      | ticklebelly the Minotaur Berserker began the quest for the
                  | Orb.
     0 | D:1      | Reached XP level 1. HP: 19/19 MP: 0/0
   135 | D:1      | Found a faded altar of an unknown god.
   202 | D:1      | Reached XP level 2. HP: 19/27 MP: 1/1
  1396 | D:2      | Reached XP level 3. HP: 34/34 MP: 2/2
  1454 | D:2      | Reached ** piety under Trog
  2397 | D:3      | Reached XP level 4. HP: 41/41 MP: 3/3
  2420 | D:3      | Reached skill level 5 in Fighting
  2475 | D:3      | Noticed Grinder
  2479 | D:3      | Reached skill level 5 in Axes
  2515 | D:3      | Killed Grinder
  2516 | D:3      | Reached XP level 5. HP: 49/49 MP: 4/4
  2675 | D:3      | Found a radiant altar of Vehumet.
  2677 | D:3      | Noticed Ijyb
  2683 | D:3      | Killed Ijyb
  2684 | D:3      | Reached XP level 6. HP: 5/57 MP: 5/5
  3227 | D:3      | Found a shadowy altar of Dithmenos.
  3778 | D:4      | Found a transporter.
  3831 | D:4      | Found a staircase to the Ecumenical Temple.
  4119 | D:4      | Found a glowing drain.
  4125 | Sewer    | Entered a sewer
  4128 | Sewer    | Reached XP level 7. HP: 64/64 MP: 6/6
  4170 | Sewer    | Reached *** piety under Trog
  4635 | D:4      | Found a transporter.
  4635 | D:4      | Noticed boopmooplesden's ghost (amateur MiFi)
  4681 | D:4      | Reached skill level 5 in Armour
  4796 | D:4      | Found a sparkling altar of Nemelex Xobeh.
  5010 | D:4      | Killed boopmooplesden's ghost
  5011 | D:4      | Reached XP level 8. HP: 56/73 MP: 7/7
  5194 | D:5      | Entered Level 5 of the Dungeon
  5567 | D:5      | Found a runed translucent door.
  5572 | D:5      | Noticed Teslajakalope's ghost (novice MiFi)
  5592 | D:5      | Killed Teslajakalope's ghost
  6083 | D:5      | Reached **** piety under Trog
  6225 | D:6      | Found a shimmering altar of Xom.
  6236 | D:6      | Reached XP level 9. HP: 83/83 MP: 8/8
  6337 | D:6      | Noticed a cyclops
  6344 | D:6      | Killed a cyclops
  6462 | D:6      | Reached skill level 10 in Fighting
  6462 | D:6      | Reached skill level 10 in Axes
  8185 | D:7      | Noticed Maggie
  8194 | D:7      | Killed Maggie
  8195 | D:7      | Reached XP level 10. HP: 95/95 MP: 9/9
  9462 | D:8      | Found a hide-covered altar of Uskayaw.
  9508 | D:8      | Found Keim's Jewellery Shop.
 10313 | D:9      | Found an opulent altar of Gozag.
 10314 | D:9      | Found a glowing silver altar of Zin.
 10774 | D:9      | Noticed a death yak
 10777 | D:9      | Found a staircase to the Lair.
 10778 | D:9      | Noticed a death yak
 10779 | D:9      | Noticed a death yak
 10786 | D:9      | Killed a death yak
 10795 | D:9      | Killed a death yak
 10796 | D:9      | Reached skill level 10 in Armour
 10807 | D:9      | HP: 4/95 [death yak (12)]
 10809 | D:9      | HP: 1/95 [death yak (4)]
 10810 | D:9      | Mangled by a death yak

Illustrated notes

Levels and vault maps discovered:
D:1:      pf_arrival_petrified_forest, layout_basic,
          shapermc_ecumenical_altar_gd, chequers_serial_rivers_large_a
D:2:      layout_loops_cross
D:3:      layout_loops_corners, nicolae_dithmenos_shadow_blocks,
          amcnicky_altar_gilded, uniq_ijyb, uniq_grinder
D:4:      layout_loops_ring, mainiacjoe_overflow_alcove_1,
          minmay_temple_entry_waves, cheibrodos_sewer_entry_bend,
          gammafunk_ghost_mausoleum, chequers_serial_rivers_micro_d
D:5:      layout_loops_cross, ebering_ghost_sewer_d
D:6:      layout_rooms, led_xom_imps, st_stairs_8
D:7:      layout_loops_cross, the_hattery, uniq_maggie
D:8:      layout_layer_cave, mainiacjoe_overflow_chevrons, serial_shops,
          kennysheep_mini
D:9:      layout_loops_cross, grunt_temple_overflow_gold_and_silver,
          lemuel_round_altar, dpeg_lair_monsters, special_room
          [special_room_kobold]

Skill      XL: |  1  2  3  4  5  6  7  8  9 10 |
---------------+-------------------------------+-----
Fighting       | 4 5 6 7 9 11 12 | 12.0
Axes           | 4 5 6 7 9 11 12 | 12.0
Armour         | 3 4 6 7 8 10 | 10.2
Dodging        | 3 |  3.2

Action                   |  1- 3 |  4- 6 |  7- 9 | 10-12 || total
-------------------------+-------+-------+-------+-------++-------
Melee: Hand axe          |   105 |    16 |       |       ||   121
       Headbutt          |    13 |     8 |    58 |    28 ||   107
       War axe           |       |    48 |   284 |    61 ||   393
       Flail             |       |       |       |    70 ||    70
Invok: Berserk           |       |     3 |     4 |     3 ||    10
       Trog's Hand       |       |     1 |       |     2 ||     3
  Use: Potion            |       |       |     1 |       ||     1
Armor: Animal skin       |     3 |       |       |       ||     3
       Leather armour    |    28 |    12 |       |       ||    40
       Chain mail        |       |     5 |   153 |    46 ||   204
       Plate armour      |       |       |       |    52 ||    52
Dodge: Dodged            |    53 |    32 |   135 |    71 ||   291
